 Dungeon Crawl Stone Soup version 0.28.0 (webtiles) character file.

Game seed: 17057886266771163600

191227 browni3141 the Warrior (level 17, 0/168 HPs)
             Began as a Minotaur Berserker on Feb 10, 2022.
             Was the Champion of Trog.
             Succumbed to their own poison gas
             ... on level 2 of the Shoals.
             The game lasted 00:31:50 (38772 turns).

browni3141 the Warrior (Minotaur Berserker)        Turns: 38772, Time: 00:31:50

Health: 0/168      AC: 32    Str: 26    XL:     17   Next: 57%
Magic:  0/16       EV: 14    Int: 14    God:    Trog [******]
Gold:   2706       SH:  5    Dex: 12    Spells: 16/16 levels left

rFire   + + .      SeeInvis .   O - +7 executioner's axe (vorpal)
rCold   + . .      Faith    .   (shield currently unavailable)
rNeg    . . .      Spirit   .   M - +5 plate armour {rF+}
rPois   .          Reflect  +   P - +2 hat
rElec   .          Harm     .   x - scarf {rC+ rF+}
rCorr   .          Rampage  .   r - +1 pair of gloves of Noughts and Crosses {Int+10 Dex-2 Slay+5 Stlth+}
Will    ++...                   (no boots)
Stlth   ..........              j - amulet of reflection
HPRegen 0.38/turn               p - +4 ring of protection
MPRegen 0.15/turn               i - ring of flight

@: lethally poisoned (0 -> -27), flying, mesmerised
A: horns 2, retaliatory headbutt, strong-willed 1
}: 1/15 runes: serpentine
a: Renounce Religion, Berserk, Trog's Hand, Brothers in Arms


You were on level 2 of the Shoals.
You worshipped Trog.
Trog was exalted by your worship.
You visited 6 branches of the dungeon, and saw 30 of its levels.
You also visited: Ossuary, Ice Cave and Volcano.

You collected 3790 gold pieces.
You spent 1084 gold pieces at shops.

Inventory:

Hand Weapons
 O - a +7 vorpal executioner's axe (weapon)
Missiles
 b - 9 throwing nets (quivered)
 s - 12 javelins
Armour
 r - the +1 pair of gloves of Noughts and Crosses (worn) {Int+10 Dex-2 Slay+5 Stlth+}
   (You found it in a volcano)

   Int:       It affects your intelligence (+10).
   Dex:       It affects your dexterity (-2).
   Slay:      It affects your accuracy & damage with ranged weapons and melee
   (+5).
   Stlth:     It makes you more stealthy.
 x - a scarf of resistance (worn)
 G - +0 ice dragon scales
 M - a +5 plate armour of fire resistance (worn)
 P - a +2 hat (worn)
Jewellery
 i - a ring of flight (right hand)
 j - an amulet of reflection (around neck)
 p - a +4 ring of protection (left hand)
 v - an amulet of magic regeneration
 C - a ring of poison resistance
 D - a +4 ring of protection
 R - a ring of fire
 U - a ring of ice
 X - a ring of see invisible
Wands
 a - a wand of iceblast (11)
 q - a wand of polymorph (21)
 u - a wand of paralysis (12)
 E - a wand of mindburst (25)
 H - a wand of digging (19)
 N - a wand of acid (12)
 S - a wand of flame (25)
Scrolls
 c - 7 scrolls of teleportation
 g - 4 scrolls of magic mapping
 h - 3 scrolls of summoning
 k - 4 scrolls of fog
 l - 2 scrolls of fear
 y - 8 scrolls of noise
 I - a scroll of silence
 J - 5 scrolls of blinking
 K - 14 scrolls of identify
 T - 2 scrolls of torment
 W - 3 scrolls of enchant armour
 Y - 2 scrolls of vulnerability
 Z - 3 scrolls of holy word
Potions
 d - 7 potions of brilliance
 f - 4 potions of haste
 m - 8 potions of flight
 n - 5 potions of resistance
 o - 5 potions of heal wounds
 t - 3 potions of lignification
 w - 2 potions of berserk rage
 z - a potion of ambrosia
 A - 4 potions of might
 B - 8 potions of curing
 F - 3 potions of magic
 L - 3 potions of cancellation
 Q - 5 potions of mutation
Miscellaneous
 e - a phantom mirror
 V - a condenser vane (inert)


   Skills:
 + Level 19.0 Fighting
 + Level 18.9 Axes
 + Level 18.8 Armour
 + Level 17.4 Dodging
 - Level 8.0 Evocations


You had 16 spell levels left.
You didn't know any spells.
Your spell library was empty.

Dungeon Overview and Level Annotations

Branches:
Dungeon (15/15)            Temple (1/1) D:7            Lair (6/6) D:9
 Shoals (2/4) Lair:2        Snake (4/4) Lair:4        Slime (0/5) Lair:5
    Orc (2/2) D:9             Elf (0/3) Orc:2        Vaults (0/5) D:14
 Depths (0/4) D:15        Ossuary (visited)           IceCv (visited)
Volcano (visited)

Altars:
Ashenzari
Cheibriados
Hepliaklqana
Kikubaaqudgha
Nemelex Xobeh
Ru
Sif Muna
Trog
Uskayaw
Vehumet
The Shining One
Beogh

Shops:
D:11 ?   Orc:2 [:!:

Annotations:
Lair:2 2 transporters, browni3141's ghost, journeyman MiBe
Shoals:2 Ilsuiw


Innate Abilities, Weirdness & Mutations

You have a pair of horns on your head.
You reflexively headbutt those who attack you in melee.
You are strong-willed. (Will+)


Message History

You feel better.
You are engulfed in poison gas.
You are poisoned.
You feel very sick.
The centaur warrior is engulfed in poison gas.
The centaur warrior looks as sick as possible!
The centaur warrior barely misses you. You furiously retaliate!
You headbutt the centaur warrior!
You kill the centaur warrior!
Trog accepts your kill.
You hear a splash. x2
The merfolk impaler hits you with a +3 trident of freezing!
* * * LOW HITPOINT WARNING * * *
The merfolk impaler freezes you.
* * * LOW HITPOINT WARNING * * *
The merfolk javelineer is engulfed in poison gas.
The merfolk javelineer looks as sick as possible!
The merfolk javelineer throws a javelin.
The javelin pierces through you.
* * * LOW HITPOINT WARNING * * *
The merfolk impaler is engulfed in poison gas.
The merfolk impaler looks as sick as possible!
The merfolk impaler hits you but does no damage.
The snapping turtle is engulfed in poison gas.
The snapping turtle looks as sick as possible!
The snapping turtle bites you from afar!!
* * * LOW HITPOINT WARNING * * *
The merfolk avatar is engulfed in poison gas.
The merfolk avatar looks as sick as possible!
The merfolk avatar chants its luring song.
The merfolk impaler closely misses you. You furiously retaliate!
You headbutt the merfolk impaler! Ilsuiw completely misses you.
Your Fighting skill increases to level 19!
Unknown command.
As you read the scroll of fear, it crumbles to dust.
You assume a fearsome visage.
Ilsuiw resists with almost no effort.
The merfolk javelineer looks frightened!
The merfolk impaler looks frightened! x2; The merfolk avatar easily resists.
The snapping turtle looks frightened!
You are engulfed in poison gas.
You are lethally poisoned!
* * * LOW HITPOINT WARNING * * *
You die...

###...##..≈≈≈≈≈≈≈#
#..≈..###.≈≈≈≈≈≈≈#
.###..≈..# ##.≈≈≈≈≈≈#
....≈≈≈≈.###..≈≈≈≈≈≈#
.....≈≈≈...#..≈≈≈≈≈≈#
...§§§○≈≈..§§§≈≈≈≈≈≈#
##.§§§m≈≈≈≈§§§≈≈≈≈≈≈#
#..§§☼m≈≈≈≈§§§≈≈≈≈≈≈#
#..§§§§@≈m≈≈≈≈≈≈≈≈≈≈#
...§§§§m≈≈≈≈≈≈≈≈≈≈≈≈#
...§§mt§≈≈≈≈≈≈≈≈≈≈≈≈
≈≈≈≈≈≈≈≈≈≈≈≈≈≈≈≈≈≈≈≈
≈≈≈§§≈≈≈≈≈≈≈≈≈≈≈≈≈≈
≈≈≈§§≈≈≈≈≈≈≈≈≈≈≈≈≈
≈≈≈≈≈≈≈≈≈≈≈≈≈≈≈≈≈
≈.≈≈≈≈≈≈≈≈≈≈≈≈≈


You could see Ilsuiw (very poisoned), a merfolk avatar (mesmerising, extremely
poisoned), 2 merfolk impalers, a merfolk javelineer (fleeing, extremely
poisoned) and a snapping turtle (fleeing, extremely poisoned).

Vanquished Creatures
  Jorgrun (D:12)
  Rupert (Lair:6)
  Gastronok (Lair:2)
  Donald (Orc:2)
  6 nagarajas (Snake:4)
  Azrael (D:13)
  Josephine (D:13)
  3 merfolk javelineers
  A merfolk impaler (Shoals:1)
  Harold (D:7)
  7 hydras
  3 salamander tyrants
  8 vault guards (D:14)
  11 naga warriors
  4 boulder beetles
  4 centaur warriors
  3 catoblepae
  Erica (Lair:2)
  4 anacondas
  2 merfolk avatars (Shoals:1)
  An alligator snapping turtle (Shoals:1)
  10 death yaks
  A deep troll shaman (Lair:6)
  8 two-headed ogres
  3 tengu warriors
  6 shock serpents
  Urug (Lair:5)
  13 naga sharpshooters
  Sonja (Orc:2)
  Nergalle (Orc:1)
  5 salamander mystics
  2 naga ritualists (Snake:4)
  2 sea snakes (Shoals:1)
  A lindwurm (shapeshifter) (D:11)
  2 deep elf pyromancers
  2 necromancers
  11 orc sorcerers
  2 lindwurms (Volcano)
  3 wizards (D:15)
  5 mana vipers
  An oklob plant (Lair:4)
  8 manticores
  18 salamanders
  5 ugly things
  A torpor snail (Lair:6)
  Maurice (Orc:1)
  9 cyclopes
  17 elephants
  4 merfolk sirens
  2 molten gargoyles (Volcano)
  16 black mambas
  14 naga magi
  2 guardian serpents (Snake:2)
  An ice statue (IceCv)
  A water nymph (Shoals:1)
  7 cane toads
  A centaur skeleton (D:15)
  4 freezing wraiths (IceCv)
  3 efreet (Volcano)
  3 rime drakes
  An unseen horror (shapeshifter) (D:15)
  4 yaktaurs (D:15)
  18 komodo dragons
  3 unseen horrors
  13 ice devils (IceCv)
  An entropy weaver simulacrum (IceCv)
  3 anaconda simulacra (IceCv)
  3 trolls
  4 meliai
  4 polar bears
  6 merfolk
  A polar bear (shapeshifter) (D:13)
  2 wind drakes (Shoals:1)
  3 snapping turtles
  12 blink frogs
  A meliai zombie (D:15)
  5 dream sheep
  16 slime creatures
  4 water elementals (D:15)
  A dire elephant simulacrum (IceCv)
  A vampire (D:8)
  5 basilisks
  4 wraiths (D:13)
  44 yaks
  Sigmund (D:5)
  A basilisk (shapeshifter) (D:15)
  8 wyverns
  8 fire elementals
  5 death yak simulacra (IceCv)
  2 steam dragons
  15 vampire mosquitoes
  8 wargs
  A harpy simulacrum (IceCv)
  47 nagas
  An acid dragon (D:13)
  3 hell hounds (D:13)
  15 water moccasins
  An ice beast (D:7)
  15 orc warriors
  7 black bears
  2 swamp drakes (D:12)
  4 ogres
  A sky beast (D:7)
  A necrophage (D:7)
  5 centaurs
  45 wolves
  A phantom (D:4)
  3 kobold brigands
  10 bullfrogs
  4 scorpions
  A two-headed ogre simulacrum (IceCv)
  4 earth elementals (Volcano)
  3 cane toad simulacra (IceCv)
  A hornet simulacrum (D:15)
  2 water moccasin skeletons (D:5)
  8 elephant simulacra (IceCv)
  8 killer bees
  6 electric eels
  8 wights
  4 howler monkeys
  8 centaur zombies
  A bullfrog zombie (D:5)
  9 hounds
  A gnoll shaman (D:7)
  2 human zombies (Ossuary)
  10 orc priests
  2 jellies
  An iguana (D:6)
  Ijyb (D:5)
  A bullfrog skeleton (D:5)
  35 orc wizards
  2 hell rats (D:9)
  2 polar bear simulacra (IceCv)
  A spriggan simulacrum (IceCv)
  A troll simulacrum (IceCv)
  2 wolf simulacra (IceCv)
  A hound zombie (D:5)
  A hound skeleton (D:5)
  5 mummies (Ossuary)
  Robin (D:3)
  3 gnolls (D:7)
  2 naga simulacra (IceCv)
  8 adders
  A shadow imp (D:6)
  3 white imps
  An ufetubus (IceCv)
  2 worms (D:4)
  An adder skeleton (D:5)
  A dart slug (D:1)
  85 orcs
  8 bats
  5 endoplasms
  11 goblins
  14 hobgoblins
  2 jackals (D:2)
  16 kobolds
  6 quokkas
  7 ball pythons
  4 frilled lizards
  A goblin zombie (Ossuary)
  A hobgoblin zombie (Ossuary)
  A kobold zombie (Ossuary)
  An orc zombie (Ossuary)
  7 rats
  2 fire vortices (Volcano)
960 creatures vanquished.

Vanquished Creatures (others)
  A black mamba (Snake:4)
  A bush (Lair:6)
  A fire vortex (Volcano)
  31 fungi
  64 plants
98 creatures vanquished.

Grand Total: 1058 creatures vanquished

Notes
Turn   | Place    | Note
-------+----------+-------------------------------------------
     0 | D:1      | browni3141 the Minotaur Berserker began the quest for the
                  | Orb.
     0 | D:1      | Reached XP level 1. HP: 19/19 MP: 0/0
   302 | D:1      | Reached XP level 2. HP: 17/27 MP: 1/1
   745 | D:1      | Reached skill level 4 in Fighting
   964 | D:2      | Reached ** piety under Trog
   965 | D:2      | Reached XP level 3. HP: 31/33 MP: 2/2
  1067 | D:2      | Found a faded altar of an unknown god.
  1472 | D:3      | Noticed Robin
  1495 | D:3      | Killed Robin
  1496 | D:3      | Reached XP level 4. HP: 37/40 MP: 3/3
  1806 | D:3      | Found a broken altar of Ashenzari.
  1912 | D:3      | Found a glowing golden altar of the Shining One.
  2194 | D:4      | Noticed a phantom
  2199 | D:4      | Killed a phantom
  2200 | D:4      | Reached XP level 5. HP: 47/47 MP: 4/4
  2299 | D:4      | Reached *** piety under Trog
  2300 | D:4      | Reached skill level 5 in Fighting
  2300 | D:4      | Reached skill level 5 in Axes
  2310 | D:4      | Reached XP level 6. HP: 6/56 MP: 5/5
  2936 | D:4      | Found a snail-covered altar of Cheibriados.
  2942 | D:4      | Reached XP level 7. HP: 60/62 MP: 6/6
  2983 | D:4      | Found a shimmering blue altar of Sif Muna.
  3136 | D:4      | Reached skill level 5 in Armour
  3744 | D:5      | Entered Level 5 of the Dungeon
  3930 | D:5      | Noticed Ijyb
  3934 | D:5      | Killed Ijyb
  3962 | D:5      | Reached skill level 6 in Fighting
  4125 | D:5      | Noticed Sigmund
  4131 | D:5      | Reached skill level 5 in Dodging
  4138 | D:5      | Killed Sigmund
  4230 | D:5      | Reached XP level 8. HP: 71/71 MP: 7/7
  4766 | D:5      | Reached skill level 7 in Fighting
  5641 | D:6      | Reached **** piety under Trog
  6045 | D:6      | Reached XP level 9. HP: 81/81 MP: 8/8
  6281 | D:6      | Reached skill level 8 in Fighting
  6359 | D:7      | Identified the +6 spear of the Thieving Eel {vorpal, Str+3}
  6423 | D:7      | Noticed Harold
  6442 | D:7      | Killed Harold
  6648 | D:7      | Reached skill level 9 in Fighting
  6721 | D:7      | Found a sand-covered staircase.
  6727 | D:7      | Found a bloodstained altar of Trog.
  6730 | Ossuary  | Entered an ossuary
  7064 | D:7      | Gained mutation: You are strong-willed. (Will+) [potion of
                  | mutation]
  7099 | D:7      | Found a sacrificial altar of Ru.
  7175 | D:7      | Found a staircase to the Ecumenical Temple.
  7372 | Temple   | Entered the Ecumenical Temple
  7491 | D:8      | Reached XP level 10. HP: 88/91 MP: 9/9
  8422 | D:8      | Reached skill level 10 in Fighting
  8624 | D:8      | Identified the +10 trident "Neusk" {vorpal, MP+9}
  8924 | D:9      | Reached skill level 10 in Axes
  9065 | D:9      | Reached ***** piety under Trog
  9270 | D:9      | Noticed a two-headed ogre
  9275 | D:9      | Killed a two-headed ogre
  9276 | D:9      | Reached skill level 10 in Armour
  9337 | D:9      | Found a staircase to the Orcish Mines.
  9662 | D:9      | Received a gift from Trog
  9894 | D:9      | Found a radiant altar of Vehumet.
 10076 | D:9      | Noticed a death yak
 10077 | D:9      | Found a staircase to the Lair.
 10077 | D:9      | Noticed a death yak
 10078 | D:9      | Noticed a death yak
 10085 | D:9      | Killed a death yak
 10086 | D:9      | Reached skill level 11 in Fighting
 10086 | D:9      | Reached XP level 11. HP: 102/102 MP: 10/10
 10088 | D:9      | Killed a death yak
 10091 | D:9      | Killed a death yak
 10092 | D:9      | Reached skill level 10 in Dodging
 10336 | D:10     | Entered Level 10 of the Dungeon
 10458 | D:10     | Found a sparkling altar of Nemelex Xobeh.
 10479 | D:10     | Noticed a two-headed ogre
 10485 | D:10     | Killed a two-headed ogre
 11055 | D:10     | Found an ancient bone altar of Kikubaaqudgha.
 11295 | D:10     | Noticed a two-headed ogre
 11299 | D:10     | Killed a two-headed ogre
 11334 | D:10     | Noticed a two-headed ogre
 11349 | D:10     | Killed a two-headed ogre
 11977 | Lair:1   | Entered Level 1 of the Lair of Beasts
 12111 | Lair:1   | Found a dark tunnel.
 12122 | Volcano  | Entered a volcano
 12130 | Volcano  | Reached skill level 12 in Fighting
 12345 | Volcano  | Noticed a lindwurm
 12345 | Volcano  | Noticed a lindwurm
 12830 | Volcano  | Killed a lindwurm
 12830 | Volcano  | Killed a lindwurm
 12993 | Volcano  | Identified the +1 pair of gloves of Noughts and Crosses
                  | {Int+10 Dex-2 Slay+5 Stlth+}
 13018 | Volcano  | Reached XP level 12. HP: 101/113 MP: 11/11
 13853 | Lair:1   | Noticed a six-headed hydra
 13858 | Lair:1   | Killed a three-headed hydra
 14510 | Lair:2   | Noticed browni3141's ghost (journeyman MiBe)
 14514 | Lair:2   | Noticed Erica
 14524 | Lair:2   | Killed Erica
 14635 | Lair:2   | Reached skill level 13 in Fighting
 14672 | Lair:2   | Found a frozen archway.
 14769 | IceCv    | Entered an ice cave
 15949 | IceCv    | Found an ancient bone altar of Kikubaaqudgha.
 16355 | IceCv    | Reached XP level 13. HP: 117/123 MP: 12/12
 16766 | IceCv    | Identified the +6 battleaxe of Fee Simple {holy, Int+4}
 16942 | Lair:2   | Found a transporter.
 16948 | Lair:2   | Found a transporter.
 17004 | Lair:2   | Reached skill level 14 in Fighting
 17010 | Lair:2   | Found a staircase to the Shoals.
 17115 | Lair:2   | Noticed Gastronok
 17124 | Lair:2   | Killed Gastronok
 18070 | Lair:3   | Received a gift from Trog
 19290 | Lair:4   | Identified the +1 robe of Ileontu {rN++}
 19313 | Lair:4   | Found a staircase to the Snake Pit.
 19327 | Lair:4   | Reached skill level 1 in Evocations
 20546 | Lair:5   | Reached XP level 14. HP: 123/133 MP: 13/13
 20554 | Lair:5   | Reached skill level 15 in Fighting
 20578 | Lair:5   | Found a staircase to the Slime Pits.
 20741 | Lair:5   | Reached skill level 15 in Axes
 20811 | Lair:5   | Noticed Urug
 20829 | Lair:5   | Killed Urug
 21629 | Lair:6   | Entered Level 6 of the Lair of Beasts
 21638 | Lair:6   | Reached skill level 15 in Armour
 21649 | Lair:6   | Noticed Rupert
 21667 | Lair:6   | Killed Rupert
 21674 | Lair:6   | Reached skill level 5 in Evocations
 21688 | Lair:6   | Reached ****** piety under Trog
 21688 | Lair:6   | Identified the +6 battleaxe of Xijeon {vorpal, SInv} (Trog
                  | gifted it to you on level 6 of the Lair of Beasts)
 21688 | Lair:6   | Received a gift from Trog
 22989 | Lair:6   | Identified the +4 morningstar of Eternal Vigilance {flame,
                  | rElec Str-4 Dex+5}
 23105 | Orc:1    | Entered Level 1 of the Orcish Mines
 23125 | Orc:1    | Noticed Nergalle
 23126 | Orc:1    | Noticed Maurice
 23136 | Orc:1    | Killed Nergalle
 23138 | Orc:1    | Killed Maurice
 23139 | Orc:1    | Received a gift from Trog
 23540 | Orc:2    | Entered Level 2 of the Orcish Mines
 23635 | Orc:2    | Noticed Sonja
 23654 | Orc:2    | Reached XP level 15. HP: 140/141 MP: 14/14
 23674 | Orc:2    | Found Zidibuq's Book Emporium.
 23674 | Orc:2    | Found Doimac Tahe's Antique Armour Boutique.
 23676 | Orc:2    | Killed Sonja
 24016 | Orc:2    | Reached skill level 16 in Fighting
 24146 | Orc:2    | Found a staircase to the Elven Halls.
 24154 | Orc:2    | Found Giymmy's Distillery.
 24163 | Orc:2    | Received a gift from Trog
 24223 | Orc:2    | Bought a potion of curing for 54 gold pieces
 24223 | Orc:2    | Bought a potion of curing for 54 gold pieces
 24223 | Orc:2    | Bought a potion of might for 72 gold pieces
 24228 | Orc:2    | Found Waimost's Book Emporium.
 24293 | Orc:2    | Noticed Donald
 24305 | Orc:2    | Killed Donald
 24741 | Orc:2    | Bought a pair of faintly glowing gloves for 332 gold pieces
 24741 | Orc:2    | Identified the +0 pair of gloves of the Slug {Will++} (You
                  | bought it in a shop on level 2 of the Orcish Mines)
 24871 | D:11     | Found Lijaucil's Magic Scroll Shop.
 24879 | D:11     | Bought a scroll of acquirement for 572 gold pieces
 24879 | D:11     | Acquired 1194 gold pieces
 25174 | D:11     | Identified the +4 dagger "Beetleslayer" {freeze, Will+
                  | Str+3 SInv}
 26086 | D:12     | Noticed Jorgrun
 26374 | D:12     | Killed Jorgrun
 26768 | D:13     | Found a gate leading to a gauntlet.
 26791 | D:13     | Found a hazy altar of Hepliaklqana.
 26856 | D:13     | Received a gift from Trog
 26881 | D:13     | Noticed Josephine
 26884 | D:13     | Noticed Azrael
 26892 | D:13     | Killed Josephine
 26893 | D:13     | Reached skill level 15 in Dodging
 26895 | D:13     | Killed Azrael
 28170 | D:14     | Found a gate to the Vaults.
 28601 | D:14     | Found a broken altar of Ashenzari.
 29347 | D:15     | Entered Level 15 of the Dungeon
 29378 | D:15     | Found a hide-covered altar of Uskayaw.
 29529 | D:15     | Received a gift from Trog
 29539 | D:15     | Reached skill level 17 in Fighting
 29545 | D:15     | Reached XP level 16. HP: 133/155 MP: 15/15
 30328 | D:15     | Found a staircase to the Depths.
 30991 | Snake:1  | Entered Level 1 of the Snake Pit
 31896 | Snake:2  | Received a gift from Trog
 33112 | Snake:4  | Entered Level 4 of the Snake Pit
 33377 | Snake:4  | Reached skill level 18 in Fighting
 34368 | Snake:4  | Received a gift from Trog
 34870 | Snake:4  | Reached XP level 17. HP: 150/165 MP: 16/16
 36346 | Snake:4  | Got a serpentine rune of Zot
 36588 | Shoals:1 | Entered Level 1 of the Shoals
 38760 | Shoals:2 | Noticed Ilsuiw
 38772 | Shoals:2 | Reached skill level 19 in Fighting
 38772 | Shoals:2 | HP: 6/168 [cloud of poison gas (5)]
 38772 | Shoals:2 | Succumbed to their own poison gas

Illustrated notes

Levels and vault maps discovered:
D:1:      beargit_arrival_greenhouse, layout_basic
D:2:      layout_basic, hellmonk_ecumenical_altar_blasted
D:3:      layout_loops_ring, mainiacjoe_overflow_brackets,
          mainiacjoe_overflow_cross_hatched, uniq_robin
D:4:      layout_basic, mainiacjoe_overflow_alcove_1, kennysheep_orc_sif_temple
D:5:      kb_forest_paths, layout_basic, uniq_sigmund, uniq_ijyb
D:6:      black_bear_nest_2, layout_basic
D:7:      layout_rooms, lemuel_coloured_pillars_altar, bloody_trog,
          minmay_temple_entry_slanted, enter_ossuary_1, uniq_harold
D:8:      layout_layer_cave, kennysheep_small_spiral
D:9:      kennysheep_big_flooded_room, layout_cave_pools, vehumet_crystals,
          dpeg_lair_monsters, minmay_orc_entry_temple_small,
          chequers_serial_rivers_small_a
D:10:     layout_basic, amcnicky_altar_gilded,
          nicolae_kikubaaqudgha_miasma_corner, chequers_serial_rivers_large_b,
          minmay_misc_feat_nine_boxes, kennysheep_generic_room_10
D:11:     layout_roguey, serial_glass, glass_columns_a, glass_columns_a,
          serial_shops, shop
D:12:     layout_loops_corners, pond, uniq_jorgrun
D:13:     layout_grid_maze, gauntlet_entry_generic,
          worldfamousw_hep_ancestral_shrine, uniq_josephine, uniq_azrael
D:14:     layout_loops_ring, erik_vaults_2, nicolae_ashenzari_panopticon
D:15:     grunt_enter_depths_magical_seal, layout_basic,
          corexii_leaking_fountain, nicolae_uskayaw_en_pointe
Temple:   nicolae_temple_figure_eight
Lair:1:   layout_loops_ring, nicolae_volcano_entry_hallway, serial_rivers,
          chequers_serial_rivers_micro_b, chequers_serial_rivers_small_3,
          chequers_serial_rivers_small_b, chequers_serial_rivers_small_b,
          wad_woods_river_01
Lair:2:   layout_layer_cave, minmay_shoals_entry_hut, gammafunk_ghost_hive,
          portal_ice_cave_rime, beast_lair_carwin_2, uniq_gastronok, uniq_erica
Lair:3:   beast_lair_carwin_large_3, layout_regular_city, serial_rivers,
          chequers_serial_rivers_micro_a, chequers_serial_rivers_marsh,
          chequers_serial_rivers_room_b, chequers_serial_rivers_room_b,
          chequers_serial_rivers_micro_b
Lair:4:   layout_hall_layers, minmay_snake_entry_guardpost_small,
          minmay_lair_oklob_items
Lair:5:   layout_concentric_octagons, minmay_slime_entry_pillars,
          beast_lair_carwin_8, serial_bayou_shore_a, infiniplex_staircase_pool,
          serial_bayou_shore_b, serial_bayou_shore_b, uniq_urug
Lair:6:   grunt_lair_end_beastmaster, layout_loops_ring,
          grunt_forest_large_clearings, uniq_rupert
Shoals:1: cheibrodos_shoals_gigantism, layout_shoals, uniq_roxanne
Shoals:2: layout_shoals, uniq_ilsuiw
Snake:1:  layout_rooms, serial_shops, nicolae_square_shop,
          nicolae_snake_storage_room
Snake:2:  layout_layer_cave, minmay_shop_grove
Snake:3:  layout_onion, nicolae_coiled_stairwell_down
Snake:4:  minmay_snake_end_coiled, layout_cave_town
Orc:1:    layout_caves, uniq_nergalle, uniq_maurice
Orc:2:    st_orc_town, layout_diamond_mine, uniq_sonja, uniq_donald

Skill      XL: |  1  2  3  4  5  6  7  8  9 10 11 12 13 14 15 16 17 |
---------------+----------------------------------------------------+-----
Fighting       | 4 5 6 7 9 11 12 13 14 15 17 18 19 | 19.0
Axes           | 4 5 6 7 9 10 12 13 14 15 16 18 | 18.9
Armour         | 3 4 5 7 9 10 12 13 14 15 16 18 | 18.8
Dodging        | 3 4 5 6 8 9 11 12 13 14 15 16 17 | 17.4
Evocations     | 2 6 8 |  8.0

Action                   |  1- 3 |  4- 6 |  7- 9 | 10-12 | 13-15 | 16-18 || total
-------------------------+-------+-------+-------+-------+-------+-------++-------
Melee: Hand axe          |    91 |    90 |   268 |    47 |       |       ||   496
       Headbutt          |    11 |    13 |    48 |    79 |   148 |   117 ||   416
       Punch             |     1 |       |     2 |       |       |       ||     3
       Battleaxe         |       |       |       |   287 |   472 |       ||   759
       Broad axe         |       |       |       |    35 |       |       ||    35
       War axe           |       |       |       |    10 |       |       ||    10
       Executioner's axe |       |       |       |       |   239 |   474 ||   713
Throw: Javelin           |       |       |     5 |       |       |       ||     5
       Throwing net      |       |       |       |       |     3 |       ||     3
Invok: Berserk           |     1 |     4 |     9 |    20 |    10 |    12 ||    56
       Trog's Hand       |       |       |       |       |     1 |       ||     1
Evoke: Wand              |       |       |       |     7 |       |     5 ||    12
       Condenser vane    |       |       |       |       |     1 |     1 ||     2
  Use: Potion            |       |       |     1 |       |     1 |     2 ||     4
       Scroll            |       |       |       |    26 |    11 |     4 ||    41
 Stab: Petrified         |       |       |       |       |    10 |       ||    10
Armor: Animal skin       |    14 |       |       |       |       |       ||    14
       Scale mail        |    11 |    31 |    18 |       |       |       ||    60
       Plate armour      |       |       |   103 |   186 |   395 |   356 ||  1040
       Ice dragon scales |       |       |       |    15 |    17 |       ||    32
Dodge: Dodged            |    58 |    49 |    95 |   156 |   320 |   276 ||   954
Block: Other             |    11 |    18 |    44 |    73 |   138 |   120 ||   404
       Reflection        |       |       |     4 |     1 |     4 |    16 ||    25
